 Dungeon Crawl Stone Soup version 0.19.0-22-gd96e5fe (webtiles) character file.

81 dobroeutro the Sneak (level 4, 0/21 HPs)
             Began as a Spriggan Enchanter on Nov 18, 2016.
             Slain by an orc
             ... wielding a +0 whip
              (4 damage)
             ... on level 3 of the Dungeon.
             The game lasted 00:02:41 (1761 turns).

dobroeutro the Sneak (Spriggan Enchanter)           Turns: 1761, Time: 00:02:42

Health: 0/21       AC:  3    Str:  4    XL:     4   Next: 20%
Magic:  9/9        EV: 18    Int: 16    God:
Gold:   90         SH:  0    Dex: 17    Spells: 2 memorised, 6 levels left

rFire  . . .     SeeInvis +     l - +2 short sword (freeze)
rCold  . . .     Gourm    .     b - +1 robe
rNeg   + . .     Faith    .     (shield restricted)
rPois  .         Spirit   .     (helmet restricted)
rElec  .         Reflect  .     (no cloak)
rCorr  +         Harm     .     (gloves unavailable)
MR     .....                    (boots unavailable)
Stlth  +++.......               (no amulet)
                                a - ring of resist corrosion
                                h - ring of positive energy

@: very quick
A: unfitting armour, see invisible, herbivore 3, speed 3, slow metabolism 2
a: no special abilities


You were on level 3 of the Dungeon.
You were not hungry.

You visited 1 branch of the dungeon, and saw 3 of its levels.

You collected 90 gold pieces.

Inventory:

Hand Weapons
 l - a +2 short sword of freezing (weapon)
Armour
 b - a +1 robe (worn)
Jewellery
 a - a ring of resist corrosion (right hand)
 h - a ring of positive energy (left hand)
Scrolls
 e - a scroll of identify {unknown}
 f - a scroll of noise {unknown}
 k - 2 scrolls of random uselessness {unknown}
 m - a scroll of remove curse {unknown}
 o - a scroll of fear {unknown}
 q - 2 scrolls of magic mapping {unknown}
Potions
 g - a potion of cure mutation {unknown}
 i - a potion of mutation {unknown}
 j - 3 potions of curing {unknown}
 n - a potion of ambrosia {unknown}
 p - a potion of heal wounds {unknown}
Books
 c - a book of Maledictions

   Spells                             Type                      Level
   a - Corona                         Hexes                        1
   b - Ensorcelled Hibernation        Hexes/Ice                    2
   c - Confuse                        Hexes                        3
   d - Tukima's Dance                 Hexes                        3
   e - Dazzling Spray                 Conjuration/Hexes            3
Comestibles
 d - 3 bread rations


   Skills:
 * Level 2.9 Short Blades
 - Level 3.0 Dodging
 + Level 5.3 Stealth
 + Level 3.3 Spellcasting
 + Level 4.3 Hexes


You had 6 spell levels left.
You knew the following spells:

 Your Spells              Type           Power        Failure   Level  Hunger
a - Corona                Hex            ###....      3%          1    None
b - Ensorcelled Hibernat  Hex/Ice        #.....       14%         2    ##.....


Dungeon Overview and Level Annotations

Branches:
Dungeon (3/15)

Altars:
Ashenzari
Cheibriados
Hepliaklqana
Qazlal
Trog
Yredelemnul
The Shining One


Innate Abilities, Weirdness & Mutations

You are very small and have problems with some larger weapons.
You are too small for most types of armour.
You have supernaturally acute eyesight. (SInv)
You are a herbivore.
You cover ground extremely quickly.
You need consume almost no food.


Message History

The orc is moderately wounded.
The orc barely misses you.
You completely miss the orc.
The orc is moderately wounded.
The orc completely misses you.
You barely miss the orc.
The orc is moderately wounded.
The orc hits you with a whip.
You closely miss the orc.
The orc is moderately wounded.
The orc closely misses you.
You hit the orc. You freeze the orc.
The orc is severely wounded.
The orc hits you with a whip.
* * * LOW HITPOINT WARNING * * *
The orc barely misses you.
You hit the orc. You freeze the orc.
The orc is heavily wounded.
The orc hits you with a whip.
You die...

#............#
.###...#####
#.### #.# # #.#
#..###[##
#.......#
#..###..########
..........o@oo..#
........######.#
#######.# #.# #.#
#.# #.# #h# #.#
#.# #.# #.# #.#
#.# #.# #.#


You could see 3 orcs.

Vanquished Creatures
  An orc priest (D:3)
  A worm (D:2)
  A dart slug (D:1)
  An orc (D:3)
  4 giant cockroaches
  3 goblins
  3 hobgoblins (D:2)
  9 jackals
  3 kobolds
  2 quokkas (D:2)
  4 bats
  4 frilled lizards
  8 rats
44 creatures vanquished.

Notes
Turn   | Place    | Note
-------+----------+-------------------------------------------
     0 | D:1      | dobroeutro the Spriggan Enchanter began the quest for the Orb.
     0 | D:1      | Reached XP level 1. HP: 9/9 MP: 5/5
   608 | D:1      | Reached XP level 2. HP: 13/13 MP: 6/6
   613 | D:1      | Learned a level 2 spell: Ensorcelled Hibernation
  1198 | D:2      | Reached XP level 3. HP: 13/16 MP: 8/8
  1206 | D:2      | Found a hazy altar of Hepliaklqana.
  1213 | D:2      | Found a stormy altar of Qazlal.
  1220 | D:2      | Found a snail-covered altar of Cheibriados.
  1227 | D:2      | Found a basalt altar of Yredelemnul.
  1234 | D:2      | Found a glowing golden altar of the Shining One.
  1255 | D:2      | Found a shattered altar of Ashenzari.
  1263 | D:2      | Found a bloodstained altar of Trog.
  1707 | D:3      | Reached skill level 5 in Stealth
  1707 | D:3      | Reached XP level 4. HP: 15/21 MP: 4/9
  1761 | D:3      | Slain by an orc

Skill      XL: |  1  2  3 |
---------------+----------+-----
Hexes          | 4 |  4.3
Spellcasting   | 3 |  3.3
Short Blades   | 2 |  2.9
Stealth        | 5 |  5.3
Dodging        | |  3.0

Action                   |  1- 3 |  4- 6 || total
-------------------------+-------+-------++-------
Melee: Dagger            |    23 |       ||    23
       Short sword       |    95 |    26 ||   121
 Cast: Ensorcelled Hiber |     2 |       ||     2
 Stab: Sleeping          |     9 |       ||     9
       Distracted        |     1 |       ||     1
Armor: Robe              |    17 |     1 ||    18
Dodge: Dodged            |   106 |    28 ||   134
